AoeStats
← 7.62子弹

Arabia

505199992Analyzed
1v1 RM · 24d ago on Sep 8, 2026· 34m 1s· 2 players
Game mode
Random Map
Map size
Tiny (2 player)
Population
200
Speed
Normal
Resources
Standard
Victory
Conquest
Starting age
Dark Age
Ending age
Imperial Age
RankedLock teamsTeams togetherTeam positionsShared explorationLock speedFull tech treeHidden civsTurbo modeCheats
Victory
Defeat
🇨🇳 Magyars · China
1197
+14
🇫🇷 Aztecs · France
1157
-14
sylvain.dendrael
6:58 Loom
10:02 Feudal Age
10:41 Double-Bit Axe
21:59 Castle Age
20:23 Fletching
21:36 Wheelbarrow
21:24 Padded Archer Armor
21:27 Gold Mining
22:09 Crossbowman
22:55 Bodkin Arrow
23:37 Gold Shaft Mining
23:13 Bow Saw
24:16 Town Watch
24:48 Leather Archer Armor
26:25 Ballistics
28:02 Town Patrol
35:43 Imperial Age
7.62子弹
6:31 Loom
8:44 Feudal Age
9:18 Double-Bit Axe
12:32 Wheelbarrow
14:01 Horse Collar
20:03 Castle Age
21:38 Bow Saw
21:51 Heavy Plow
27:48 Fletching
29:43 Stone Mining
29:44 Gold Mining
33:34 Imperial Age
31:08 Husbandry
32:18 Bloodlines
33:13 Scale Barding Armor
Connection lost

Rejoining the realm…

Still unreachable

The connection could not be restored.

Session expired

The server has moved on; the page needs a fresh start.